 Dungeon Crawl Stone Soup version 0.17-a0-1741-gd5e8965 (webtiles) character file.

97 George the Chopper (level 4, 0/37 HPs)
             Began as a Hill Orc Gladiator on Aug 31, 2015.
             Succumbed to an adder's poison
             ... on level 3 of the Dungeon.
             The game lasted 00:03:30 (1646 turns).

George the Chopper (Hill Orc Gladiator)             Turns: 1646, Time: 00:03:30

Health: 0/37       AC: 10    Str: 14 (18) XL:     4   Next: 68%
Magic:  4/4        EV:  6    Int:  8      God:
Gold:   164        SH:  0    Dex: 11      Spells: 0 memorised, 3 levels left

rFire  . . .     SeeInvis .     a - +0 war axe
rCold  . . .     Clarity  .     t - +0 chain mail (curse)
rNeg   . . .     SustAt   .     (no shield)
rPois  .         Gourm    .     (helmet restricted)
rElec  .         Spirit   .     s - +0 cloak
rCorr  .         Warding  .     v - +0 pair of gloves (curse)
rMut   .         Rnd*Tele +     (no boots)
MR     .....                    (no amulet)
Stlth  ..........               (no ring)
                                (no ring)

@: lethally poisoned (0 -> -12), not resistant to hostile enchantments,
extremely unstealthy
A: horns 1, teleportitis 1, subdued magic 1
a: no special abilities


You were on level 3 of the Dungeon.
You were hungry.

You visited 1 branch of the dungeon, and saw 3 of its levels.

You collected 164 gold pieces.

Inventory:

Hand weapons
 a - a +0 war axe (weapon)
Missiles
 d - 3 throwing nets (quivered)
Armour
 c - a +0 helmet
 s - a +0 cloak (worn)
 t - a cursed +0 chain mail (worn)
 v - a cursed +0 pair of gloves (worn)
Magical devices
 n - a wand of digging (12)
Scrolls
 f - a scroll of fog {unknown}
 j - 3 scrolls of remove curse {unknown}
 l - a scroll of recharging {unknown}
 o - a scroll of immolation {unknown}
 p - 3 scrolls of identify {unknown}
 r - a scroll of magic mapping {unknown}
 w - 2 scrolls of noise {unknown}
 y - a scroll of blinking {unknown}
Potions
 h - a potion of flight
Comestibles
 e - 4 bread rations
 g - a beef jerky
 m - 2 meat rations
 x - a chunk of flesh


   Skills:
 - Level 2.4 Fighting
 + Level 7.0 Axes
 - Level 2.0 Throwing
 - Level 2.4 Dodging


You had 3 spell levels left.
You didn't know any spells.

Dungeon Overview and Level Annotations

Branches:
Dungeon (3/15)

Altars:


Innate Abilities, Weirdness & Mutations

You have a pair of small horns on your head.
You are occasionally teleported to nearby monsters.
Your spells are a little easier to cast, but a little less powerful.


Message History

You feel sick.
The hobgoblin hits you but does no damage.
The adder bites you.
* * * LOW HITPOINT WARNING * * *
You are more poisoned.
The adder poisons you!
Drink which item? (? for menu, Esc to quit)
It was a potion of degeneration.
There was something very wrong with that liquid.
You feel weakened.
You float gracefully downwards.
* * * LOW HITPOINT WARNING * * *
You feel sick. The adder bites you but does no damage.
The hobgoblin hits you but does no damage.
Unknown command.
Your chain mail prevents you from hitting the adder.
The adder is lightly wounded.
You hit the hobgoblin.
The hobgoblin is severely wounded.
You die...

†#.#....###.......#
.#.#†##.# #.......#
.#.#.#...##.......#
.#.#......#.......#
.#>#..............#
.#.#....>.####.####
.# #.#...## #...#
.#........ ###g#
(....... #@# ......
#S# ..##.# #.# #.#
#.# #.# #.# ... #.#
#.# #.# # ..#


You could see an adder and a hobgoblin.

Vanquished Creatures
  5 adders
  2 worms
  A giant gecko (D:1)
  An orc (D:3)
  A ball python (D:1)
  2 giant cockroaches (D:1)
  6 goblins
  5 hobgoblins
  5 bats
  4 giant newts
  3 jackals (D:3)
  4 kobolds
  A quokka (D:3)
  12 rats
52 creatures vanquished.

Notes
Turn   | Place    | Note
--------------------------------------------------------------
     0 | D:1      | George the Hill Orc Gladiator began the quest for the Orb.
     0 | D:1      | Reached XP level 1. HP: 18/18 MP: 1/1
   134 | D:1      | Reached XP level 2. HP: 25/25 MP: 2/2
   245 | D:1      | Reached skill level 5 in Axes
   601 | D:2      | Reached XP level 3. HP: 26/30 MP: 3/3
   709 | D:2      | Reached skill level 6 in Axes
  1184 | D:2      | Reached XP level 4. HP: 35/37 MP: 4/4
  1626 | D:3      | Reached skill level 7 in Axes
  1643 | D:3      | Gained mutation: You have a pair of small horns on your head. [potion of mutation]
  1643 | D:3      | Gained mutation: Your spells are a little easier to cast, but a little less powerful. [potion of mutation]
  1643 | D:3      | Gained mutation: You are occasionally teleported to nearby monsters. [potion of mutation]
  1645 | D:3      | HP: 1/37 [poisoned by an adder]
  1646 | D:3      | Succumbed to an adder's poison

Vault maps used:
D:1:      elethiomel_arrival_infinity_welcomes_careful_drivers

Action                   |  1- 3 |  4- 6 || total
-------------------------+-------+-------++-------
Melee: War axe           |    87 |    56 ||   143
  Use: Potion            |       |     4 ||     4
  Eat: Chunk             |       |     2 ||     2
